 Dungeon Crawl Stone Soup version 0.21.1-1-g345015f (webtiles) character file.

95117 microfolk the Fencer (level 15, -3/141 HPs)
             Began as a Minotaur Abyssal Knight on June 7, 2018.
             Was a High Priest of Lugonu.
             Killed from afar by a starcursed mass (5 damage)
             ... with an accursed screaming
             ... on level 1 of the Abyss.
             The game lasted 01:21:57 (39364 turns).

microfolk the Fencer (Minotaur Abyssal Knight)     Turns: 39364, Time: 01:21:58

Health: -3/141     AC: 25    Str: 18    XL:     15   Next: 65%
Magic:  22/22      EV:  9    Int: 16    God:    Lugonu [*****.]
Gold:   239        SH:  0    Dex: 11    Spells: 10/14 levels left

rFire    + + .     SeeInvis +   w - +10 great sword of the Countless Nights {drain, Fragile +Blink rN+++ Int+3}
rCold    . . .     Gourm    .   (shield currently unavailable)
rNeg     + + +     Faith    .   f - +0 plate armour
rPois    +         Spirit   .   W - +2 hat
rElec    .         Reflect  .   V - +2 cloak {MR+}
rCorr    .         Harm     .   U - +2 pair of gloves
MR       ++...                  (no boots)
Stlth    ..........             (no amulet)
HPRegen  0.33/turn              L - ring of protection from fire
MPRegen  0.18/turn              m - ring of see invisible

@: about to teleport, very slightly contaminated
A: retaliatory headbutt, horns 2, fire resistance 1, poison resistance
a: Depart the Abyss, Bend Space, Banish, Corrupt, Enter the Abyss, Renounce
Religion, Evoke Blink


You were on level 1 of the Abyss.
You worshipped Lugonu.
Lugonu was extremely pleased with you.
You were hungry.

You visited 5 branches of the dungeon, and saw 25 of its levels.
You visited the Abyss 2 times.
You also visited: Labyrinth and Volcano.

You collected 2579 gold pieces.
You spent 2340 gold pieces at shops.

Inventory:

Hand Weapons
 w - the +10 great sword of the Countless Nights (weapon) {drain, Fragile +Blink rN+++ Int+3}
   (You bought it in a shop on level 13 of the Dungeon)

   A truly terrible weapon, it drains the life of those it strikes.
   It affects your intelligence (+3).
   It renders you almost immune to negative energy.
   It lets you blink.
   It will be destroyed if unequipped.
Missiles
 e - 306 stones (quivered)
Armour
 f - a +0 plate armour (worn)
 g - a +2 chain mail of poison resistance
 M - a scarf of cloud immunity
 U - a +2 pair of gloves (worn)
 V - a +2 cloak of magic resistance (worn)
 W - a +2 hat (worn)
Jewellery
 a - an uncursed amulet of regeneration {unknown}
 m - a ring of see invisible (right hand)
 o - an uncursed amulet of the gourmand {unknown}
 q - an uncursed ring of resist corrosion
 t - the ring "Uvun" {Fire Int+2}
   (You found it on level 13 of the Dungeon)

   [ring of fire]

   It enhances your fire magic.
   It affects your intelligence (+2).
   It protects you from fire.
   It makes you vulnerable to cold.
 y - an uncursed ring of ice
 J - an uncursed ring of protection from cold
 L - a ring of protection from fire (left hand)
 Z - an uncursed amulet of rage {unknown}
Wands
 j - a wand of acid (9)
 k - a wand of flame (22)
 s - a wand of digging (5)
 B - a wand of paralysis (6)
 H - a wand of disintegration (20)
 S - a wand of enslavement (6)
Scrolls
 d - a scroll of vulnerability {unknown}
 h - 2 scrolls of enchant weapon
 n - 3 scrolls of blinking
 p - 2 scrolls of magic mapping
 r - 2 scrolls of fear
 u - 2 scrolls of fog
 v - a scroll of immolation {unknown}
 C - a scroll of holy word
 F - 2 scrolls of remove curse {@r2}
 N - 3 scrolls of summoning
 P - a scroll of silence {unknown}
 X - a scroll of enchant armour {unknown}
Potions
 l - 4 potions of curing {@q1}
 z - 2 potions of heal wounds {@q2}
 A - 4 potions of flight
 D - 2 potions of ambrosia {unknown}
 E - 3 potions of lignification {unknown}
 G - 4 potions of berserk rage
 I - 2 potions of invisibility
 K - a potion of resistance
 O - 3 potions of brilliance {unknown}
 Y - a potion of might
Comestibles
 c - 32 rations


   Skills:
 + Level 15.6 Fighting
 - Level 20.0 Long Blades
 * Level 14.0 Armour
 - Level 8.0 Dodging
 * Level 11.0 Invocations


You had 10 spell levels left.
You knew the following spells:

 Your Spells              Type           Power        Failure   Level  Hunger
a - Apportation           Tloc           #.....       98%         1    ##.....
b - Regeneration          Chrm/Necr      #.........   100%        3    ####...


Dungeon Overview and Level Annotations

Branches:
Dungeon (15/15)            Temple (1/1) D:5            Lair (6/6) D:9
 Shoals (0/4) Lair:4        Snake (1/4) Lair:2        Slime (0/5) Lair:5
    Orc (2/2) D:10            Elf (0/3) Orc:2        Vaults (0/5) D:14
 Depths (0/5) D:15

Altars:
Elyvilon
Fedhas
Kikubaaqudgha
Nemelex Xobeh
Qazlal
Sif Muna
Trog
Uskayaw
Vehumet
The Shining One
Beogh

Shops:
D:8 }%%:   D:9 :   D:10 !   D:13 (   Orc:2 :(*[

Annotations:
D:8 exclusion: statue
D:13 Blork the orc
Lair:5 exclusion: 2 oklob plants


Innate Abilities, Weirdness & Mutations

You reflexively headbutt those who attack you in melee.
You have a pair of horns on your head.
Your flesh is heat resistant. (rF+)
Your system is resistant to poisons. (rPois)


Message History

A starcursed mass splits.
The Executioner hits you.
* * * LOW HITPOINT WARNING * * *
The Executioner hits you.
* * * LOW HITPOINT WARNING * * *
The Executioner hits you.
* * * LOW HITPOINT WARNING * * *
The Executioner hits you but does no damage. x3
A starcursed mass splits. x2
A deafening chorus of shrieks assaults your mind!
* * * LOW HITPOINT WARNING * * *
You suddenly lose the ability to move!
A starcursed mass splits.
You can move again.
You are feeling hungry.
The Executioner hits you but does no damage. x3
The Executioner falters for a moment.
The starcursed mass engulfs you!
* * * LOW HITPOINT WARNING * * *
A starcursed mass splits.
A deafening chorus of shrieks assaults your mind!
You die...

.# ### #.##
#.# .. .
##.##. .
#..#. .##
.#≈## .≈.##X.
..≈≈≈.#XX#X#
....≈..@XX#
#...≈###1X#
### ###.# ≈ #
..# #
#≈≈≈...# .
#.≈#≈#..# #.
.#≈≈≈ #.. #.
.≈≈≈.... .##
#..≈≈≈≈.2#..#


You could see 6 starcursed masses and an Executioner.

Vanquished Creatures
  Rupert (Lair:6)
  Frances (D:12)
  Gastronok (Lair:2)
  The ghost of Unprinted the Severer, a journeyman MiMo of Wu Jian (Lair:6)
  The ghost of Pawles22 the Grappler, a journeyman MiMo (Lair:1)
  Harold (Orc:1)
  Fannar (Lair:2)
  A naga warrior (Snake:1)
  The ghost of teukkam the Grappler, a novice TrMo (Lair:1)
  4 hydras
  4 vault guards (D:14)
  2 catoblepae
  2 centaur warriors
  2 two-headed ogres (D:15)
  Erica (Lair:2)
  An anaconda (Lair:6)
  A vampire mage (Abyss:1)
  Urug (D:12)
  A shock serpent (Snake:1)
  A deep elf knight (D:14)
  5 naga sharpshooters (Snake:1)
  Nergalle (D:12)
  4 skeletal warriors (D:14)
  2 unseen horrors (D:13)
  3 mana vipers (Snake:1)
  An obsidian statue (Volcano)
  An orc knight (D:14)
  An oklob plant (Lair:3)
  7 cyclopes
  7 ugly things
  2 centaur zombies (D:15)
  A salamander (Snake:1)
  Maurice (D:8)
  14 black mambas
  A black mamba (shapeshifter) (D:15)
  6 elephants
  2 guardian serpents (Snake:1)
  4 manticores
  Psyche (D:12)
  A gargoyle (D:14)
  A guardian serpent (shapeshifter) (D:15)
  A naga mage (Snake:1)
  The ghost of Ethylacetat the Slasher, a novice DsCK of Xom (D:4)
  4 spiny frogs
  A yaktaur (D:14)
  A rime drake (Lair:6)
  6 komodo dragons
  An efreet (D:13)
  5 tengu conjurers
  A troll (shapeshifter) (D:15)
  3 meliai (D:13)
  A polar bear (Lair:6)
  3 slime creatures (D:15)
  8 trolls
  14 blink frogs
  10 dream sheep (Lair:6)
  2 hornets
  A snapping turtle (Lair:4)
  11 hippogriffs
  A vampire (D:15)
  4 basilisks
  2 wraiths
  36 yaks
  3 shadows
  6 fire bats (Volcano)
  4 wyverns
  A hungry ghost (D:7)
  A harpy simulacrum (D:15)
  A steam dragon (D:10)
  4 wargs (Orc:2)
  4 swamp worms (Lair:1)
  2 vampire mosquitoes (D:13)
  3 nagas (Snake:1)
  10 water moccasins
  2 acid dragons (D:12)
  9 porcupines
  3 sky beasts
  5 ice beasts
  5 phantoms
  20 orc warriors
  3 boggarts (D:15)
  An eye of draining (D:9)
  2 necrophages
  10 ogres
  4 centaurs
  10 crocodiles
  9 big kobolds
  3 gnoll sergeants (D:10)
  11 bullfrogs
  A wyvern zombie (D:12)
  A small abomination (Abyss:1)
  3 scorpions
  2 troll zombies (D:9)
  The ghost of w0lly the Skirmisher, a weakling DsBe of Trog (D:3)
  3 wights (D:9)
  3 howler monkeys
  3 electric eels (D:11)
  6 crimson imps
  7 lava snakes (Volcano)
  A bullfrog zombie (D:6)
  7 hounds
  A jelly (D:5)
  A quasit (D:7)
  4 bullfrog skeletons
  14 orc priests
  5 centaur skeletons
  4 human zombies (D:9)
  A human skeleton (D:9)
  Jessica (D:3)
  3 iguanas
  Natasha (thrice) (D:3)
  29 orc wizards
  15 worker ants
  A howler monkey zombie (D:6)
  Robin (D:3)
  4 gnolls
  A worker ant zombie (D:10)
  7 adders
  3 shadow imps
  4 oozes
  18 worms
  4 dart slugs
  4 leopard geckos
  86 orcs
  7 bats
  5 giant cockroaches
  12 goblins
  10 hobgoblins
  8 jackals
  19 kobolds
  4 quokkas
  7 frilled lizards
  2 leopard gecko skeletons (D:4)
  An orc zombie (D:9)
  10 rats
  A bush (Lair:3)
  2 plants (Lair:6)
688 creatures vanquished.

Vanquished Creatures (others)
  A red draconian (Volcano)
  3 ettins (Orc:2)
  A minotaur (Lab)
  2 hydras
  4 two-headed ogres
  A shock serpent (Snake:1)
  2 orc knights (Orc:2)
  A deep elf mage (D:7)
  An oklob plant (Lair:5)
  3 ugly things
  3 cyclopes (Orc:2)
  2 manticores (Lair:5)
  An elephant (D:9)
  2 orc warriors
  An orc wizard (D:12)
  19 fungi
  11 plants
58 creatures vanquished.

Grand Total: 746 creatures vanquished

Notes
Turn   | Place    | Note
-------+----------+-------------------------------------------
     0 | Abyss:1  | microfolk the Minotaur Abyssal Knight began the quest for the Orb.
     0 | Abyss:1  | Reached XP level 1. HP: 19/19 MP: 1/1
    12 | Abyss:1  | Found a corrupted altar of Lugonu.
    61 | Abyss:1  | Noticed a wretched star
    63 | D:1      | Escaped the Abyss
   122 | D:1      | Reached * piety under Lugonu
   183 | D:1      | Reached XP level 2. HP: 26/27 MP: 2/2
   258 | D:1      | Reached skill level 3 in Long Blades
   691 | D:1      | Reached XP level 3. HP: 33/33 MP: 3/3
  1190 | D:2      | Found a glowing golden altar of the Shining One.
  1225 | D:2      | Found a glowing golden altar of the Shining One.
  1395 | D:2      | Reached XP level 4. HP: 31/40 MP: 4/4
  1600 | D:2      | Reached ** piety under Lugonu
  1991 | D:3      | Reached skill level 4 in Long Blades
  2262 | D:3      | Found a bloodstained altar of Trog.
  2322 | D:3      | Noticed Natasha
  2325 | D:3      | Noticed Robin
  2341 | D:3      | Killed Natasha
  2341 | D:3      | Reached XP level 5. HP: 44/47 MP: 4/6
  2364 | D:3      | Killed Robin
  2402 | D:3      | Noticed Natasha
  2485 | D:3      | Killed Natasha
  2634 | D:3      | Noticed Jessica
  2775 | D:3      | Noticed w0lly's ghost (weakling DsBe)
  3058 | D:3      | Killed w0lly's ghost
  3058 | D:3      | Reached skill level 5 in Long Blades
  3235 | D:3      | Noticed Natasha
  3245 | D:3      | Killed Natasha
  3511 | D:3      | Killed Jessica
  3511 | D:3      | Reached XP level 6. HP: 49/55 MP: 7/7
  3576 | D:4      | Reached skill level 5 in Fighting
  3828 | D:4      | Found a white marble altar of Elyvilon.
  3903 | D:4      | Reached skill level 6 in Long Blades
  4010 | D:4      | Reached XP level 7. HP: 52/61 MP: 8/8
  4027 | D:4      | Reached *** piety under Lugonu
  4151 | D:4      | Noticed Ethylacetat's ghost (novice DsCK)
  5125 | D:4      | Killed Ethylacetat's ghost
  5125 | D:4      | Reached skill level 7 in Long Blades
  5125 | D:4      | Reached skill level 5 in Armour
  5232 | D:5      | Entered Level 5 of the Dungeon
  5249 | D:5      | Reached XP level 8. HP: 37/70 MP: 10/10
  5275 | D:5      | Found a staircase to the Ecumenical Temple.
  5421 | Temple   | Entered the Ecumenical Temple
  5987 | D:5      | Reached skill level 8 in Long Blades
  6307 | D:5      | Found a blossoming altar of Fedhas.
  7088 | D:6      | Reached skill level 5 in Invocations
  7947 | D:7      | Noticed a deep elf mage
  7952 | D:7      | Banished a deep elf mage
  7952 | D:7      | Reached skill level 9 in Long Blades
  8170 | D:7      | Found a hide-covered altar of Uskayaw.
  8374 | D:8      | Reached XP level 9. HP: 49/79 MP: 12/12
  8439 | D:8      | Noticed Maurice
  8537 | D:8      | Found Ozoafia's Food Shop.
  9282 | D:7      | Found a hide-covered altar of Uskayaw.
  9841 | D:8      | Found a radiant altar of Vehumet.
  9981 | D:8      | Killed Maurice
  9981 | D:8      | Reached skill level 10 in Long Blades
 10065 | D:8      | Found Fotob's Gadget Boutique.
 10126 | D:8      | Found Ymejo's Food Shoppe.
 10171 | D:8      | Noticed a two-headed ogre
 10172 | D:8      | Banished a two-headed ogre
 10305 | D:8      | Found Qopud's Book Shoppe.
 10745 | D:9      | Noticed a purple ugly thing
 10749 | D:9      | Banished a purple ugly thing
 10749 | D:9      | Reached XP level 10. HP: 90/90 MP: 14/14
 11149 | D:9      | Found an ancient bone altar of Kikubaaqudgha.
 11156 | D:9      | Reached skill level 11 in Long Blades
 11342 | D:9      | Found Jaadgh's Book Shoppe.
 11498 | D:9      | Noticed an elephant
 11757 | D:9      | Found a staircase to the Lair.
 12249 | D:9      | Banished an elephant
 12360 | D:10     | Entered Level 10 of the Dungeon
 12363 | D:10     | Noticed a two-headed ogre
 12364 | D:10     | Banished a two-headed ogre
 12395 | D:10     | Found a sparkling altar of Nemelex Xobeh.
 12463 | D:10     | Found a staircase to the Orcish Mines.
 12492 | D:10     | Reached skill level 12 in Long Blades
 12718 | D:9      | Reached **** piety under Lugonu
 13332 | D:10     | Reached XP level 11. HP: 73/99 MP: 16/16
 13449 | D:10     | Noticed a two-headed ogre
 13452 | D:10     | Banished a two-headed ogre
 13452 | D:10     | Reached skill level 10 in Fighting
 13757 | D:10     | Found Vitofilo's Distillery.
 14156 | Lair:1   | Entered Level 1 of the Lair of Beasts
 14172 | Lair:1   | Noticed teukkam's ghost (novice TrMo)
 14174 | Lair:1   | Noticed Pawles22's ghost (journeyman MiMo)
 14595 | D:11     | Noticed a two-headed ogre
 14598 | D:11     | Banished a two-headed ogre
 14670 | D:11     | Reached skill level 13 in Long Blades
 14681 | D:11     | Noticed a purple ugly thing
 14682 | D:11     | Banished a purple ugly thing
 14775 | D:11     | Noticed a brown ugly thing
 14776 | D:11     | Banished a brown ugly thing
 14844 | D:11     | Reached skill level 10 in Armour
 16043 | D:12     | Noticed Psyche
 16058 | D:12     | Killed Psyche
 16239 | D:12     | Noticed Frances
 16596 | Orc:1    | Entered Level 1 of the Orcish Mines
 16599 | Orc:1    | Found a roughly hewn altar of Beogh.
 16754 | Orc:1    | Reached ***** piety under Lugonu
 16897 | Orc:1    | Noticed Harold
 16918 | Orc:1    | Killed Harold
 16918 | Orc:1    | Reached skill level 14 in Long Blades
 17702 | Orc:2    | Entered Level 2 of the Orcish Mines
 17721 | Orc:2    | Noticed an ettin
 17724 | Orc:2    | Banished an ettin
 17724 | Orc:2    | Reached XP level 12. HP: 108/110 MP: 17/17
 17732 | Orc:2    | Found Zets's Antique Weapon Shoppe.
 18062 | Orc:2    | Found Weexzuq's Book Boutique.
 18062 | Orc:2    | Noticed an ettin
 18070 | Orc:2    | Found a labyrinth entrance.
 18077 | Lab      | Entered a labyrinth
 18741 | Lab      | Noticed a minotaur
 18743 | Lab      | Banished a minotaur
 18764 | Orc:2    | Banished an ettin
 19190 | Orc:2    | Reached skill level 5 in Dodging
 19863 | Orc:2    | Found Mupep's Antique Armour Shop.
 19902 | Orc:2    | Bought a pair of embroidered gloves for 262 gold pieces
 19902 | Orc:2    | Bought an embroidered cloak for 262 gold pieces
 19935 | Orc:2    | Found Puyw's General Store.
 19935 | Orc:2    | Noticed an ettin
 19936 | Orc:2    | Banished an ettin
 19962 | Orc:2    | Reached skill level 15 in Long Blades
 20059 | Orc:2    | Bought a scroll of acquirement for 624 gold pieces
 20059 | Orc:2    | Bought a scroll of identify for 24 gold pieces
 20081 | Orc:2    | Noticed a stone giant
 20086 | Orc:2    | Banished a stone giant
 21102 | Lair:2   | Noticed Fannar
 21154 | Lair:2   | Reached skill level 10 in Invocations
 21166 | Lair:2   | Noticed a five-headed hydra
 21169 | Lair:2   | Banished a five-headed hydra
 21325 | Lair:2   | Killed Fannar
 21497 | Lair:2   | Noticed Gastronok
 21509 | Lair:2   | Killed Gastronok
 21836 | Lair:2   | Got a slimy platinum ring
 22016 | Lair:2   | Found a staircase to the Snake Pit.
 22107 | Lair:2   | Noticed Erica
 22120 | Lair:2   | Killed Erica
 22476 | Lair:3   | Reached skill level 16 in Long Blades
 22476 | Lair:3   | Reached XP level 13. HP: 97/119 MP: 19/19
 24441 | Lair:4   | Found a staircase to the Shoals.
 24527 | Lair:4   | Identified the ring "Sios Hism" {+Fly rPois} (You found it on level 2 of the Lair of Beasts)
 25566 | Lair:5   | Found a dark tunnel.
 25573 | Volcano  | Entered a volcano
 25699 | Volcano  | Reached skill level 17 in Long Blades
 25767 | Volcano  | Found a radiant altar of Vehumet.
 25767 | Volcano  | Noticed a red draconian
 25769 | Volcano  | Banished a red draconian
 25771 | Volcano  | Gained mutation: You are dopey. (Int -2) [a neqoxec]
 25773 | Volcano  | Gained mutation: You tend to lose your temper in combat. [a neqoxec]
 25786 | Volcano  | Lost mutation: You tend to lose your temper in combat. [potion of mutation]
 25786 | Volcano  | Lost mutation: You are dopey. (Int -2) [potion of mutation]
 25786 | Volcano  | Gained mutation: You are weak. (Str -2) [potion of mutation]
 25786 | Volcano  | Gained mutation: You expend magic power (3 MP) to strengthen your wands. [potion of mutation]
 25786 | Volcano  | Gained mutation: Your system is resistant to poisons. (rPois) [potion of mutation]
 25790 | Volcano  | Got an ancient pewter amulet
 26760 | Lair:5   | Found a staircase to the Slime Pits.
 27971 | Lair:6   | Entered Level 6 of the Lair of Beasts
 28060 | Lair:6   | Reached XP level 14. HP: 107/130 MP: 20/20
 28240 | Lair:6   | Reached skill level 18 in Long Blades
 28504 | Lair:6   | Noticed Unprinted's ghost (journeyman MiMo)
 28832 | Lair:6   | Killed Unprinted's ghost
 29303 | Lair:6   | Noticed Rupert
 29325 | Lair:6   | Killed Rupert
 30492 | Lair:1   | Killed Pawles22's ghost
 30701 | Lair:1   | Learned a level 1 spell: Apportation
 30705 | Lair:1   | Learned a level 3 spell: Regeneration
 30817 | Lair:1   | Killed teukkam's ghost
 31051 | Lair:1   | Identified the amulet of Hecsu {RegenMP rPois MP-9 Str-3 SInv} (You found it in a volcano)
 31055 | Lair:1   | Lost mutation: You expend magic power (3 MP) to strengthen your wands. [potion of mutation]
 31055 | Lair:1   | Lost mutation: You are weak. (Str -2) [potion of mutation]
 31055 | Lair:1   | Gained mutation: Your flesh is heat resistant. (rF+) [potion of mutation]
 31814 | Orc:2    | Found a staircase to the Elven Halls.
 32221 | D:12     | Killed Frances
 32947 | D:12     | Noticed Urug
 32967 | D:11     | Reached skill level 19 in Long Blades
 33338 | D:12     | Noticed Nergalle
 33368 | D:12     | Killed Nergalle
 34009 | D:12     | Killed Urug
 34292 | D:13     | Got a crude glass ring
 34615 | D:13     | Found Emanef's Weapon Shop.
 34638 | D:13     | Bought the +10 great sword of the Countless Nights {drain, Fragile +Blink rN+++ Int+3} for 1168 gold pieces
 34731 | D:13     | Noticed Blork the orc
 34739 | D:13     | Found a deep blue altar of Sif Muna.
 35690 | D:14     | Reached XP level 15. HP: 132/139 MP: 21/21
 35834 | D:14     | Reached skill level 15 in Fighting
 36168 | D:14     | Found a gate to the Vaults.
 36241 | D:15     | Entered Level 15 of the Dungeon
 36784 | D:15     | Reached skill level 20 in Long Blades
 37142 | D:15     | Found a staircase to the Depths.
 37646 | Snake:1  | Entered Level 1 of the Snake Pit
 37741 | Snake:1  | Reached ****** piety under Lugonu
 39308 | Abyss:1  | Identified the ring "Uvun" {Fire Int+2} (You found it on level 13 of the Dungeon)
 39342 | Abyss:1  | Found a corrupted altar of Lugonu.
 39355 | Abyss:1  | Noticed an Executioner
 39363 | Abyss:1  | Paralysed by accursed screaming for 1 turns
 39364 | Abyss:1  | HP: 2/141 [starcursed mass (9)]
 39364 | Abyss:1  | Killed from afar by a starcursed mass

Skill      XL: |  1  2  3  4  5  6  7  8  9 10 11 12 13 14 15 |
---------------+----------------------------------------------+-----
Invocations    | 2 3 4 5 7 8 9 10 11 | 11.0
Long Blades    | 3 4 5 6 7 9 10 12 14 16 17 19 20 | 20.0
Fighting       | 4 5 6 7 8 9 11 12 13 14 15 | 15.6
Armour         | 3 4 5 6 8 9 10 12 14 | 14.0
Dodging        | 3 6 8 |  8.0

Action                   |  1- 3 |  4- 6 |  7- 9 | 10-12 | 13-15 || total
-------------------------+-------+-------+-------+-------+-------++-------
Melee: Falchion          |    67 |   187 |   330 |       |       ||   584
       Headbutt          |    11 |    31 |    90 |   153 |   214 ||   499
       Great sword       |       |       |    70 |   850 |  1128 ||  2048
       Long sword        |       |       |       |       |    42 ||    42
Throw: Throwing net      |       |       |       |       |     4 ||     4
Invok: Depart the Abyss  |     1 |       |       |       |       ||     1
       Banish            |       |       |     4 |    24 |     9 ||    37
       Bend Space        |       |       |       |     2 |       ||     2
       Enter the Abyss   |       |       |       |       |     1 ||     1
Evoke: Wand              |       |       |     1 |    13 |    36 ||    50
  Use: Scroll            |     1 |     3 |     9 |     9 |    17 ||    39
       Potion            |       |       |     1 |     2 |     8 ||    11
 Stab: Paralysed         |       |       |     4 |       |       ||     4
       Held in net/web   |       |       |       |       |     2 ||     2
  Eat: Chunk             |     2 |     8 |    22 |    32 |    33 ||    97
       Ration            |       |       |     2 |     4 |     7 ||    13
Armor: Ring mail         |    10 |       |       |       |       ||    10
       Scale mail        |    19 |    77 |    97 |       |       ||   193
       Chain mail        |       |       |    70 |   276 |       ||   346
       Plate armour      |       |       |       |   203 |   696 ||   899
Dodge: Dodged            |    25 |    60 |   153 |   315 |   372 ||   925
       Rpst.: Falchion   |     7 |    16 |    31 |       |       ||    54
       Great sword       |       |       |     4 |    88 |   105 ||   197
       Long sword        |       |       |       |       |     3 ||     3
